 Dungeon Crawl Stone Soup version 0.30-a0-743-gbfdf073431 (webtiles) character file.

Game seed: 16069135657342714464

2804 oldmanjim the Ducker (level 10, -6/75 HPs)
             Began as a Djinni Conjurer on Jan 28, 2023.
             Was a Follower of Makhleb.
             Mangled by a boulder beetle (16 damage)
             ... on level 7 of the Dungeon on Feb 6, 2023.
             The game lasted 00:49:30 (7025 turns).

oldmanjim the Ducker (Djinni Conjurer)              Turns: 7025, Time: 00:49:31

Health: -6/75      AC: 10    Str:  6    XL:     10   Next: 2%
Gold:   332        EV: 14    Int: 24    God:    Makhleb [*.....] SH:  0 Dex: 12

rFire   + . .      SeeInvis .    a - +1 trident (flame)
rCold   + . .      Faith    .    (no shield)
rNeg    . . .      Spirit   .    x - +2 robe {rC+}
rPois   ∞          Reflect  .    o - +1 helmet
rElec   .          Harm     .    d - +2 cloak
rCorr   .          Rampage  .    s - +0 pair of gloves
Will    ++...                    (boots unavailable)
Stlth   ++                       (no amulet)
HPRegen 0.32/turn                t - ring of ice
MPRegen 0.00/turn                e - ring of willpower

@: flying
A: sickness immunity, fire resistance 2, cold vulnerability 1, float, innate
caster, HP casting, extra vitality 1
a: Renounce Religion


You were on level 7 of the Dungeon.
You worshipped Makhleb.
Makhleb was aware of your devotion.
You visited 2 branches of the dungeon, and saw 8 of its levels.
You also visited: Sewer.

You collected 332 gold pieces.

Inventory:

Hand Weapons
 a - a +1 trident of flaming (weapon)
 A - a +2 hand axe of freezing
Missiles
 i - 55 stones
 j - a boomerang
 y - 3 boomerangs of dispersal (quivered)
 B - a poisoned dart
Armour
 d - a +2 cloak (worn)
 o - a +1 helmet (worn)
 r - a +0 robe of the Archmagi
 s - a +0 pair of gloves (worn)
 x - a +2 robe of cold resistance (worn)
 C - a +2 ring mail of willpower
Jewellery
 e - a ring of willpower (right hand)
 t - a ring of ice (left hand)
 D - a ring of wizardry
Wands
 b - a wand of flame (6)
Scrolls
 f - a scroll of enchant weapon {unknown}
 g - a scroll of poison
 h - 3 scrolls of teleportation
 k - a scroll of magic mapping
 w - 2 scrolls of blinking
 z - a scroll of amnesia {unknown}
 F - a scroll of enchant armour
Potions
 c - a potion of brilliance {unknown}
 l - a potion of lignification {unknown}
 m - a potion of mutation {unknown}
 n - 6 potions of curing
 p - a potion of haste {unknown}
 q - a potion of heal wounds {unknown}
 u - a potion of berserk rage
 v - a potion of resistance
 E - a potion of might {unknown}


   Skills:
 + Level 7.2 Fighting
 + Level 7.4 Dodging
 - Level 1.5 Stealth
 + Level 6.7 Spellcasting
 + Level 3.7 Evocations


You couldn't memorise any spells.
You knew the following spells:

 Your Spells              Type           Power      Damage    Failure   Level
a - Magic Dart            Conj           100%       1d8       1%          1
b - Searing Ray           Conj           80%        2d7       1%          2
c - Dazzling Flash        Conj/Hex       80%        N/A       1%          3
d - Fulminant Prism       Conj/Hex       20%        3d12      4%          4
e - Iskenderun's Mystic   Conj/Tloc      40%        2d9       4%          4
f - Foxfire               Conj/Fire      100%       2x1d9     1%          1
g - Ensorcelled Hibernat  Hex/Ice        100%       N/A       1%          2
h - Tukima's Dance        Hex            40%        N/A       1%          3
i - Portal Projectile     Hex/Tloc       80%        N/A       1%          3
Your spell library was empty.

Dungeon Overview and Level Annotations

Branches:
Dungeon (7/15)             Temple (1/1) D:6           Sewer (visited)

Altars:
Ashenzari
Cheibriados
Dithmenos
Elyvilon
Fedhas
Gozag
Hepliaklqana
Makhleb
Nemelex Xobeh
Qazlal
Ru
Trog
Uskayaw
Wu Jian
Xom
Yredelemnul
Zin


Innate Abilities, Weirdness & Mutations

You are immune to sickness and miasma.
You are immune to poison.
Your flesh is very heat resistant. (rF++)
You are vulnerable to cold. (rC-)
You float through the air rather than walking.
You learn spells naturally, not from books.
Your magical power is your life essence.
You have superior vitality. (+4 MHP)


Message History

You hear a shout!
The boulder beetle closely misses you. The boulder beetle barely misses you.
You hit the boulder beetle but do no damage.
The boulder beetle is moderately wounded.
The boulder beetle is no longer blind.
The boulder beetle bites you!
Casting: Iskenderun's Mystic Blast (dangerous; 4% risk of failure)
Confirm with . or Enter, or press ? or * to list all spells.
Aiming: Fulminant Prism (dangerous; 4% risk of failure)
Press: ? - help, Dir - move target You conjure a prism of explosive energy!
A fulminant prism comes into view.
The boulder beetle bites you.
Casting: Fulminant Prism (dangerous; 4% risk of failure)
Confirm with . or Enter, or press ? or * to list all spells.
You erupt in a blast of force!
The mystic blast hits the boulder beetle but does no damage.
The boulder beetle is moderately wounded.
The boulder beetle bites you!
* * * LOW HITPOINT WARNING * * *
Your fulminant prism crackles loudly.
The boulder beetle bites you!
* * * LOW HITPOINT WARNING * * *
Your fulminant prism explodes!
The blast of energy engulfs the boulder beetle!!
The boulder beetle is severely wounded.
Casting: Iskenderun's Mystic Blast (dangerous; 4% risk of failure)
Confirm with . or Enter, or press ? or * to list all spells.
Okay, then.
Unknown command.
Unknown command.
Throw: 4 boomerangs (disperse)
Press: ? - help, Q - select action, (/) - cycle Shift-Dir - straight line, f - boulder beetle
Aim: a boulder beetle (severely wounded, poisoned, 90% to hit)
You throw a boomerang of dispersal.
The boomerang of dispersal hits the boulder beetle but does no damage.
The boulder beetle is severely wounded.
The boulder beetle bites you but does no damage.
The boulder beetle bites you!
You die...

...#........#
............#
...#........###
..............
#...........
#........### #
#####...)....# #
.##..####............###
?((...B@..##..........#.
........####.......)...)
........# #..........).
......... ............##
........####>.........##
........> #......>..!##
......... ##......#....
.....###. #.....).
##.#....


You could see a boulder beetle (poisoned).

Vanquished Creatures
  A steam dragon (D:5)
  Duvessa (D:4)
  Edmund (D:4)
  A water moccasin (D:7)
  2 black bears
  2 ice beasts
  2 centaurs
  3 phantoms
  7 bullfrogs
  3 scorpions
  A gnoll sergeant (D:7)
  Dowan (D:4)
  4 killer bees (D:7)
  A howler monkey (D:6)
  A jelly (D:5)
  3 hounds
  2 orc priests
  Jessica (D:2)
  An iguana (D:6)
  4 orc wizards
  A hound skeleton (D:2)
  9 gnolls
  12 adders
  A river rat (D:4)
  2 white imps
  An adder skeleton (D:2)
  An adder zombie (D:2)
  A worm (D:4)
  2 dart slugs
  15 orcs
  9 ball pythons
  A bat skeleton (D:2)
  5 endoplasms
  16 giant cockroaches
  11 goblins
  4 hobgoblins
  10 quokkas
  A ball python skeleton (D:2)
  A ball python zombie (D:2)
  A bat (D:1)
  9 frilled lizards
  3 kobolds
  A quokka skeleton (D:2)
  8 rats
167 creatures vanquished.

Vanquished Creatures (others)
  8 foxfires (D:4)
  49 fulminant prisms
  4 withered plants (D:2)
61 creatures vanquished.

Grand Total: 228 creatures vanquished

Notes
Turn   | Place    | Note
-------+----------+-------------------------------------------
     0 | D:1      | oldmanjim the Djinni Conjurer began the quest for the Orb.
     0 | D:1      | oldmanjim set off with the following spells memorised:
                  | Magic Dart, Searing Ray, Dazzling Flash, Fulminant Prism,
                  | Iskenderun's Mystic Blast.
     0 | D:1      | Reached XP level 1. HP: 15/15 MP: 0/0
   102 | D:1      | Reached XP level 2. HP: 22/22 MP: 0/0
   293 | D:1      | Reached skill level 1 in Fighting
   703 | D:2      | Reached XP level 3. HP: 24/27 MP: 0/0
   703 | D:2      | Learned a level 1 spell: Foxfire
   908 | D:2      | Reached XP level 4. HP: 24/33 MP: 0/0
  1116 | D:2      | Noticed Jessica
  1119 | D:2      | Killed Jessica
  1282 | D:2      | Reached XP level 5. HP: 35/38 MP: 0/0
  1282 | D:2      | Learned a level 2 spell: Ensorcelled Hibernation
  1295 | D:2      | Found an ornate altar of the Wu Jian Council.
  1429 | D:2      | Found a faded altar of an unknown god.
  2029 | D:3      | Found a bloodstained altar of Trog.
  2032 | D:3      | Found a shadowy altar of Dithmenos.
  2032 | D:3      | Found an opulent altar of Gozag.
  2034 | D:3      | Found a sparkling altar of Nemelex Xobeh.
  2034 | D:3      | Found a white marble altar of Elyvilon.
  2034 | D:3      | Found a shimmering altar of Xom.
  2196 | D:4      | Found a hazy altar of Hepliaklqana.
  2197 | D:4      | Found a snail-covered altar of Cheibriados.
  2198 | D:4      | Found a hide-covered altar of Uskayaw.
  2198 | D:4      | Found an ornate altar of the Wu Jian Council.
  2247 | D:4      | Reached XP level 6. HP: 31/45 MP: 0/0
  2431 | D:4      | Found a glowing drain.
  2435 | Sewer    | Entered a sewer
  2611 | Sewer    | Reached XP level 7. HP: 41/50 MP: 0/0
  2611 | Sewer    | Learned a level 3 spell: Tukima's Dance
  2613 | Sewer    | Reached skill level 5 in Dodging
  2893 | D:4      | Noticed Duvessa
  2894 | D:4      | Noticed Dowan
  2907 | D:4      | Killed Duvessa
  2916 | D:4      | Killed Dowan
  2917 | D:4      | Reached skill level 5 in Spellcasting
  3141 | D:4      | Noticed Edmund
  3155 | D:4      | Killed Edmund
  3156 | D:4      | Reached skill level 5 in Fighting
  3156 | D:4      | Reached XP level 8. HP: 24/59 MP: 0/0
  3682 | D:5      | Entered Level 5 of the Dungeon
  3863 | D:5      | Found a broken altar of Ashenzari.
  3919 | D:5      | Found a bloodstained altar of Trog.
  4831 | D:5      | Reached XP level 9. HP: 28/66 MP: 0/0
  4831 | D:5      | Learned a level 3 spell: Portal Projectile
  5097 | D:5      | Reached skill level 1 in Evocations
  5237 | D:5      | Upgraded the game from 0.30-a0-723-gc1506a1cf0 to
                  | 0.30-a0-738-g116ff8c4af
  5237 | D:5      | Upgraded the game from 0.30-a0-738-g116ff8c4af to
                  | 0.30-a0-739-gea05faddec
  5253 | D:6      | Found a staircase to the Ecumenical Temple.
  5259 | Temple   | Entered the Ecumenical Temple
  5467 | Temple   | Became a worshipper of Makhleb the Destroyer
  6442 | D:6      | Upgraded the game from 0.30-a0-739-gea05faddec to
                  | 0.30-a0-743-gbfdf073431
  6614 | D:7      | Found a sacrificial altar of Ru.
  6920 | D:7      | Reached XP level 10. HP: 67/75 MP: 0/0
  6927 | D:7      | Reached * piety under Makhleb
  7012 | D:7      | Noticed a boulder beetle
  7025 | D:7      | Mangled by a boulder beetle

Illustrated notes

Levels and vault maps discovered:
D:1:      eino_arrival_tree_alley, layout_basic
D:2:      layout_basic, basic_altar, serial_undead, serial_undead_e,
          serial_undead_e, serial_undead_c, serial_undead_c, serial_undead_a,
          serial_undead_b, serial_undead_c, serial_undead_c,
          shapermc_ecumenical_altar_mp_vishouse, uniq_jessica
D:3:      layout_basic, doesnt_xom_only_xom
D:4:      layout_gridville, mainiacjoe_overflow_alcove_3,
          gup_sewer_entry_spiral, uniq_duvessa, uniq_edmund
D:5:      layout_loops_cross, ashenzari_altar_1, mainiacjoe_overflow_24_doors,
          nicolae_nh_ransacked_shop
D:6:      kennysheep_six_static_rooms, layout_rooms,
          nicolae_overflow_crystal_walls, minmay_temple_entry_purple_smoke,
          minmay_misc_feat_tower
D:7:      layout_rooms, kennysheep_mini
Temple:   chequers_temple_sunken

Skill      XL: |  1  2  3  4  5  6  7  8  9 |
---------------+----------------------------+-----
Fighting       | 1 2 3 5 6 7 |  7.2
Dodging        | 3 4 5 6 7 |  7.4
Spellcasting   | 4 5 6 |  6.7
Evocations     | 3 |  3.7
Stealth        | |  1.5

Action                     |  1- 3 |  4- 6 |  7- 9 | 10-12 || total
---------------------------+-------+-------+-------+-------++-------
  Melee: Trident           |       |     4 |     2 |     1 ||     7
  Throw: Dart              |       |       |       |     2 ||     2
         Boomerang         |       |       |       |     1 ||     1
   Cast: Magic Dart        |    48 |   104 |    66 |     6 ||   224
         Searing Ray       |     7 |    12 |    24 |       ||    43
         Foxfire           |       |     5 |       |       ||     5
         Dazzling Flash    |       |     1 |       |     1 ||     2
         Fulminant Prism   |       |       |    45 |     4 ||    49
         Iskenderun's Myst |       |       |    28 |     3 ||    31
         Tukima's Dance    |       |       |     2 |       ||     2
    Use: Scroll            |       |       |    13 |       ||    13
   Stab: Sleeping          |       |       |     1 |       ||     1
 Armour: Robe              |       |     9 |     7 |     1 ||    17
  Dodge: Dodged            |     4 |    23 |    46 |     3 ||    76

Table legend: (Time is in decaauts)
 A = Elapsed time spent in this place.
 B = Non-inter-level travel time spent in this place.
 C = Inter-level travel time spent in this place.
 D = Time resting spent in this place.
 E = Time spent auto-exploring this place.
 F = Levels seen in this place.
 G = Mean time per level.
                   A        B        C        D        E       F      G
               +--------+--------+--------+--------+--------+-----+--------+
         Total |   7029 |   6718 |    311 |    307 |   5083 |   9 |  781.0 |
       Dungeon |   6472 |   6203 |    269 |    307 |   4670 |   7 |  924.6 |
        Temple |    234 |    192 |     42 |      0 |    184 |   1 |  234.0 |
         Sewer |    322 |    322 |      0 |      0 |    229 |   1 |  322.0 |
               +--------+--------+--------+--------+--------+-----+--------+

Top non-repeatable levels by time:
     D:5: 1440 daAuts
     D:4: 1396 daAuts
     D:6: 1205 daAuts
     D:2: 821 daAuts
     D:1: 701 daAuts
     D:3: 569 daAuts
     D:7: 337 daAuts
   Sewer: 322 daAuts
  Temple: 234 daAuts
